[Event "Kvibergspelen September 2019"]
[Site "Prioritet Serneke Arena, Krutvagen 2, Gothenburg, Sweden"]
[Date "2019.09.28"]
[Round "6.9"]
[White "Pantzar, Milton"]
[Black "Frisk, Ellinor"]
[Result "1-0"]
[TimeControl "15 minutes + 5 seconds per move from move one (Round 1 - 4) / 90 minutes + 30 seconds per move from move one (Round 5 - 8)"]
[WhiteTitle "FM"]
[BlackTitle "WIM"]
[WhiteFideId "1721003"]
[BlackFideId "1708481"]
[WhiteElo "2376"]
[BlackElo "2227"]

1. d4 d5 2. c4 c6 3. Nf3 Nf6 4. Nbd2 e6 5.
g3 c5 6.
cxd5 exd5 7. Bg2 Nc6 8. O-O cxd4 9. Nb3 Be7 10. Nbxd4 O-O 11. b3 Ne4 12. Bb2 Qb6 13. Rc1 Bc5 14.
e3 Bg4 15. Nxc6 bxc6 16. Qc2 Bb4 17. Ne5 Bf5 18. Qxc6 Qa5 19. a3 Bd2 20. b4 Qd8 21. Rcd1 Rc8 22. Qb5 Rc2 23. Bd4 Bc3 24.
Nc6 Qd7 25. Qxd5 Qxd5 26. Ne7+ Kh8 27. Nxd5 Bxd4 28. Rxd4 Nd2 29. Rd1 Nb3 30. Rf4 Be6 31. b5 Rb8 32. Ra4 g6 33. Rxa7 Rxb5 34.
Nc7 Rb8 35. Nxe6 fxe6 36. h4 Rd2 37. Rxd2 Nxd2 38. Ra8 Rxa8 39. Bxa8 Nc4 40. a4 Kg7 41. Bc6 Kf6 42. Bb5 Na5 43.
f4 Ke7 44. Kf2 Kd6 45. Kf3 Nb7 46. g4 Kd5 47. g5 Nd6 48. Bd3 e5 49. fxe5 Kxe5 50. a5 Nc8 51. a6 Na7 52. h5 1-0

[Event "Kvibergspelen September 2019"]
[Site "Prioritet Serneke Arena, Krutvagen 2, Gothenburg, Sweden"]
[Date "2019.09.28"]
[Round "6.10"]
[White "Hansen, Lars"]
[Black "Ernst, Thomas"]
[Result "1-0"]
[TimeControl "15 minutes + 5 seconds per move from move one (Round 1 - 4) / 90 minutes + 30 seconds per move from move one (Round 5 - 8)"]
[BlackTitle "GM"]
[WhiteFideId "1402528"]
[BlackFideId "1700065"]
[WhiteElo "2207"]
[BlackElo "2328"]

1. d4 Nf6 2. Bg5 Ne4 3. Bf4 c5 4. f3 Qa5+ 5. c3 Nf6 6. d5 Qb6 7. Bc1 g6 8. Na3 Bg7 9. Nc4 Qd8 10.
e4 O-O 11. a4 b6 12. Bf4 e6 13. dxe6 fxe6 14. Bd6 Re8 15. Nh3 Nc6 16. Be2 Ba6 17. O-O Bf8 18. Nf4 Bxd6 19. Nxd6 Bxe2 20.
Qxe2 Re7 21. Rfd1 Ne8 22. e5 Nxd6 23. Rxd6 Qf8 24. Qe4 Qf5 25. Qxf5 gxf5 26. Re1 Kf7 27. Nh5 Na5 28. Rd3 Rd8 29. f4 d5 30. exd6 Red7 31.
Rg3 Rxd6 32. Rg7+ Kf8 33. Rxh7 Nc6 34. Kf2 Ne7 35. Rh8+ Kf7 36. Rh7+ Kf8 37. Kg3 Ng6 38. h3 Rd2 39.
Rxe6 R8d3+ 40. Kh2 Nh4 41. Rf6+ Ke8 42. Ng7+ Ke7 43. Re6+ Kf7 44. Rxh4 Kxg7 45. Re7+ Kg8 46. Rhh7 Rxb2 47.
Rxa7 Rdd2 48. Rhg7+ Kh8 49. h4 Rf2 50. h5 Rxf4 51. Rh7+ Kg8 52. Rag7+ Kf8 53. Rf7+ Kg8 54. Rfg7+ Kf8 55.
Rb7 Rh4+ 56. Kg1 Kg8 57. Rhc7 Rb1+ 58. Kf2 Rb2+ 59. Kf3 1-0

[Event "Kvibergspelen September 2019"]
[Site "Prioritet Serneke Arena, Krutvagen 2, Gothenburg, Sweden"]
[Date "2019.09.28"]
[Round "6.11"]
[White "Storme, Isak"]
[Black "Jaksland, Tim"]
[Result "0-1"]
[TimeControl "15 minutes + 5 seconds per move from move one (Round 1 - 4) / 90 minutes + 30 seconds per move from move one (Round 5 - 8)"]
[WhiteTitle "FM"]
[BlackTitle "FM"]
[WhiteFideId "1728113"]
[BlackFideId "1401084"]
[WhiteElo "2272"]
[BlackElo "2214"]

1. d4 Nf6 2. c4 c5 3. d5 b5 4.
cxb5 a6 5. bxa6 g6 6. Nc3 Bg7 7. e4 O-O 8. e5 Ne8 9. h4 Bxe5 10. h5 d6 11. Bh6 Ng7 12. Qd2 Nxh5 13. Bxf8 Qxf8 14.
Nf3 Bg7 15. Be2 Nxa6 16. O-O Bh6 17. Qd1 Nf4 18. Bc4 Bg4 19. g3 Nh3+ 20. Kh2 f5 21. Be2 f4 22. Nd2 Bxe2 23. Qxe2 Ng5 24.
Qg4 Nb4 25. gxf4 Nf7 26. Nf3 Nd3 27. Ng5 Nxf4 28. Qxf4 Bxg5 29. Qg3 Rb8 30. Ne4 Bh6 31. a4 Rb4 32. Qf3 Qg7 33. a5 Qe5+ 34.
Ng3 Ng5 35. Qd1 Rd4 36. a6 Qxd5 37. a7 Rh4+ 38. Kg1 Nh3+ 39. Kh2 Nf4+ 40. Kg1 Qg2# 0-1

[Event "Kvibergspelen September 2019"]
[Site "Prioritet Serneke Arena, Krutvagen 2, Gothenburg, Sweden"]
[Date "2019.09.28"]
[Round "6.12"]
[White "Rasti, Arvin"]
[Black "Sidorchuk, Dmitry"]
[Result "1/2-1/2"]
[TimeControl "15 minutes + 5 seconds per move from move one (Round 1 - 4) / 90 minutes + 30 seconds per move from move one (Round 5 - 8)"]
[WhiteFideId "1741160"]
[BlackFideId "14110903"]
[WhiteElo "2182"]
[BlackElo "2266"]

1. Nf3 Nf6 2. c4 g6 3. Nc3 Bg7 4. d4 O-O 5. e4 d6 6. Be2 Bg4 7. O-O e5 8. d5 a5 9. Bg5 h6 10.
Be3 Na6 11. Nd2 Bd7 12. b3 Kh7 13. a3 Ng8 14. Rb1 f5 15. f3 Nf6 16. b4 axb4 17. axb4 Rg8 18. c5 f4 19. Bf2 g5 20.
g4 fxg3 21. hxg3 Nb8 22. Kg2 Bf8 23. Ra1 Rxa1 24. Qxa1 g4 25. Rh1 gxf3+ 26. Bxf3 Bg4 27. Nd1 Bxf3+ 28. Nxf3 Ng4 29. Nh4 dxc5 30.
Bxc5 Nd7 31. Nf5 Nxc5 32. bxc5 Bxc5 33. Qxe5 Rg6 34. Qc3 b6 35. Nb2 Qg5 36. Nd1 Nf6 37. Qe5 Bd6 38. Qe6 Bxg3 39.
Qf7+ Kh8 40. Qxg6 Qxg6 41. Rxh6+ Qxh6 42. Nxh6 Nxe4 43. Kf3 Nf6 44. Kxg3 Nxd5 45. Nf5 Kg8 46. Kf3 Kf7 47. Ke4 Ke6 48.
Nd4+ Kd6 49. Nb5+ Kc5 50. Nxc7 Nxc7 51. Kd3 Kb4 52. Kc2 Nd5 53. Kb2 b5 54. Nf2 Kc4 55. Ne4 b4 56. Nd6+ Kc5 57.
Ne4+ Kd4 58. Nd6 Kc5 59. Ne4+ Kb5 60. Kb3 Nc3 61. Nxc3+ bxc3 62. Kxc3 1/2-1/2

[Event "Kvibergspelen September 2019"]
[Site "Prioritet Serneke Arena, Krutvagen 2, Gothenburg, Sweden"]
[Date "2019.09.28"]
[Round "6.13"]
[White "Nygren, Kim"]
[Black "Crevatin, Leo"]
[Result "1/2-1/2"]
[TimeControl "15 minutes + 5 seconds per move from move one (Round 1 - 4) / 90 minutes + 30 seconds per move from move one (Round 5 - 8)"]
[BlackTitle "CM"]
[WhiteFideId "1706136"]
[BlackFideId "1726307"]
[WhiteElo "2171"]
[BlackElo "2235"]

1. e4 c6 2. Nc3 d5 3. Qf3 Nf6 4. e5 Nfd7 5. Qg3 e6 6. f4 Qb6 7. Nf3 g6 8. h4 h5 9. d4 c5 10.
Bd3 cxd4 11. Ne2 Nc6 12. Ng5 1/2-1/2

[Event "Kvibergspelen September 2019"]
[Site "Prioritet Serneke Arena, Krutvagen 2, Gothenburg, Sweden"]
[Date "2019.09.28"]
[Round "6.14"]
[White "Sjoberg, Isak"]
[Black "Johansson, Gunnar"]
[Result "1/2-1/2"]
[TimeControl "15 minutes + 5 seconds per move from move one (Round 1 - 4) / 90 minutes + 30 seconds per move from move one (Round 5 - 8)"]
[WhiteFideId "1521640"]
[BlackFideId "1703501"]
[WhiteElo "2231"]
[BlackElo "2183"]

1. e4 c5 2. Nf3 e6 3. d4 cxd4 4. Nxd4 Nc6 5. Nb5 d6 6. c4 Nf6 7. N1c3 a6 8. Na3 b6 9. Be2 Bb7 10.
O-O Be7 11. Be3 O-O 12. Qb3 Nd7 13. Rad1 Nc5 14. Qc2 Qc7 15. Qd2 Rad8 16. f4 Bf6 17. Bf3 Nb4 18. Ncb5 axb5 19. Nxb5 Qb8 20. Qxb4 Bxe4 21. Qa3 Bxf3 22.
Rxf3 Rd7 23. f5 d5 24. fxe6 fxe6 25. cxd5 exd5 26. b4 Ne4 27. Qb3 Qb7 28. Nd4 Rc8 29. Ne2 Nc3 30. Nxc3 Rxc3 31.
Qb1 d4 32. Qf5 Rd8 33. Qe6+ Qf7 34. Qxb6 Qe7 35. Bf2 Rxf3
36. gxf3 Qe2 37. Re1 Qxf3 38.
Qe6+ Kf8 39. Bg3 Qd5 40. Qxd5 Rxd5 41. Rd1 d3 42. Kf2 Bc3 43. b5 Rxb5 44. Rxd3 Rb2+ 45. Kf3 Bf6 46. Ra3 Kf7 47.
Ke4 1/2-1/2

[Event "Kvibergspelen September 2019"]
[Site "Prioritet Serneke Arena, Krutvagen 2, Gothenburg, Sweden"]
[Date "2019.09.28"]
[Round "6.15"]
[White "Torngren, Gustav"]
[Black "Bruaset, Eivind"]
[Result "1/2-1/2"]
[TimeControl "15 minutes + 5 seconds per move from move one (Round 1 - 4) / 90 minutes + 30 seconds per move from move one (Round 5 - 8)"]
[WhiteTitle "CM"]
[WhiteFideId "1728970"]
[BlackFideId "1515276"]
[WhiteElo "2227"]
[BlackElo "2181"]

1. g3 Nf6 2. c4 e6 3. Bg2 d5 4. Nf3 Be7 5. O-O O-O 6. d3 b6 7. b3 Bb7 8. Bb2 Nbd7 9. Nbd2 c5 10.
e3 Re8 11. Qc2 Qc7 12. Rac1 Rac8 13. Rfd1 Qb8 14. Qb1 a6 15. Qa1 Bd6 16. cxd5 exd5 17. Bh3 Rcd8 18. Bxd7 Rxd7 19. Bxf6 gxf6 20.
Qxf6 Re6 21. Qf5 Qd8 22. Nh4 Bf8 23. Ndf3 Bg7 24. d4 Rc7 25. Qb1 c4 26. Ng2 b5 27. Nf4 Rh6 28. Qf5 Qc8 29.
Nh4 Rf6 30. Qxc8+ Rxc8 31. Nh5 Re6 32. Nxg7 Kxg7 33. Ng2 a5 34. Nf4 Rb6 35. Rd2 c3 36. Rdc2 b4 37. f3 Rd6 38. Nd3 Bc6 39.
a4 f6 40. Kf2 Be8 41. Nf4 Bg6 42. Nxg6 hxg6 43. Ke2 Re6 44. Kd3 Rce8 45. Re1 f5 46. h4 Rf6 47. Rh2 f4 48. gxf4 Rxf4 49.
Rh3 Rf5 50. f4 Rxf4 51. Re2 Rf1 52. Rg2 Rd1+ 53. Kc2 Ra1 54. Rhg3 Rxe3 55. Rxg6+ Kf7 56. Rg7+ Kf8 57. Rg8+ Kf7 58.
R8g7+ Kf8 59. Rg8+ 1/2-1/2

[Event "Kvibergspelen September 2019"]
[Site "Prioritet Serneke Arena, Krutvagen 2, Gothenburg, Sweden"]
[Date "2019.09.28"]
[Round "6.16"]
[White "Pham, Bich Ngoc"]
[Black "Muntean, Victor"]
[Result "1-0"]
[TimeControl "15 minutes + 5 seconds per move from move one (Round 1 - 4) / 90 minutes + 30 seconds per move from move one (Round 5 - 8)"]
[WhiteTitle "WIM"]
[WhiteFideId "12401285"]
[BlackFideId "1054414"]
[WhiteElo "2244"]
[BlackElo "2020"]

1. g3 g6 2. f4 Bg7 3. Nf3 Nf6 4. Bg2 d6 5. d3 Nc6 6. e4 e5 7. Nc3 O-O 8. O-O Be6 9. f5 gxf5 10.
exf5 Bxf5 11. Nxe5 dxe5 12. Rxf5 Qd4+ 13. Kh1 Ne7 14. Rf1 c6 15. Bg5 Nfd5 16. Nxd5 Nxd5 17. Be4 Ne3 18. Qh5 f5 19.
Bxe3 Qxe3 20. Bxf5 Qh6 21. Qg4 Kh8 22. Rae1 Rae8 23. Qe4 Re7 24. Re3 Ref7 25. g4 Rd8 26. Ref3 Rd4 27. Qe1 Rd8 28.
Kg2 Rdf8 29. Rh3 Qg5 30. Rxh7+ Kg8 31. Rh5 Qxh5 32. gxh5 Rxf5 33. Rxf5 Rxf5 34. Qh4 Bf6 35. Qh3 Rg5+ 36.
Kf3 1-0

[Event "Kvibergspelen September 2019"]
[Site "Prioritet Serneke Arena, Krutvagen 2, Gothenburg, Sweden"]
[Date "2019.09.28"]
[Round "6.17"]
[White "Attefall, Fredrik"]
[Black "Cramling, Pia"]
[Result "0-1"]
[TimeControl "15 minutes + 5 seconds per move from move one (Round 1 - 4) / 90 minutes + 30 seconds per move from move one (Round 5 - 8)"]
[BlackTitle "GM"]
[WhiteFideId "1706357"]
[BlackFideId "1700030"]
[WhiteElo "2040"]
[BlackElo "2487"]

1. c4 b6 2. d4 Bb7 3. Nc3 e6 4. Nf3 Bb4 5. a3 Bxc3+ 6. bxc3 Nf6 7. Bg5 h6 8. Bxf6 Qxf6 9. e3 c5 10.
Be2 O-O 11. O-O d6 12. Qd3 Nc6 13. e4 cxd4 14. cxd4 e5 15. d5 Na5 16. Nd2 Rac8 17. Rac1 Ba6 18. Qe3 Rc7 19. Rc3 Rc5 20.
Rfc1 Rfc8 21. a4 R8c7 22. Qd3 Bc8 23. Nb3 Nxb3 24. Rxb3 Bd7 25. Rb4 Qg5 26. Qe3 Qxe3 27. fxe3 Kf8 28.
Kf2 Ke7 29. Ra1 Ra5 30. Bd1 f5 31. exf5 Bxf5 32. Ke2 Rac5 33. Bb3 Bd7 34. e4 Be8 35. Kd3 Kd8 36. Rf1 Ke7 37. Rf2 Bd7 38.
Rf1 Rc8 39. Rf2 Rg8 40. Bd1 Ra5 41. Kc3 Be8 42. Kb3 Rf8 43. Rxf8 Kxf8 44. Ka3 Ke7 45. Rb2 Rc5 46. Kb4 Bg6 47.
Bc2 Be8 48. Rb1 Bd7 49. Rf1 Rc8 50. Bd1 Rg8 51. Bh5 g6 52. Bd1 Rc8 53. Rf2 h5 54. Rf1 h4 55. Rf2 Rg8 56. h3 Rf8 57.
Rxf8 a5+ 58. Kc3 Kxf8 59. Kd3 g5 60. Ke3 g4 61. hxg4 Kg7 62. g3 h3 63. Kf2 Kg6 64. Kg1 Kg5 65.
Kh2 Bxg4 66. Bc2 Kh5 67. Bb3 Bf3 68. Kxh3 Bxe4 69. Kh2 Kg4 70. Bd1+ Bf3 71. Bc2 e4 72. Kg1 Kxg3 73. Kf1 e3 74.
Ke1 Kf4 75. Bd1 Bxd1 76. Kxd1 Ke4 0-1

[Event "Kvibergspelen September 2019"]
[Site "Prioritet Serneke Arena, Krutvagen 2, Gothenburg, Sweden"]
[Date "2019.09.28"]
[Round "6.18"]
[White "Lyngsjo, Hakan"]
[Black "Lindbol, Aleksander"]
[Result "0-1"]
[TimeControl "15 minutes + 5 seconds per move from move one (Round 1 - 4) / 90 minutes + 30 seconds per move from move one (Round 5 - 8)"]
[WhiteFideId "1701649"]
[BlackFideId "1520644"]
[WhiteElo "2031"]
[BlackElo "2216"]

1. e4 c6 2. d4 d5 3. exd5 cxd5 4. c4 Nf6 5. Nc3 Nc6 6. Bg5 dxc4 7. Bxc4 e6 8. Nf3 Be7 9. O-O O-O 10.
a3 Nd5 11. Bxe7 Nxc3 12. bxc3 Nxe7 13. Bb3 b6 14. Ne5 Bb7 15. Re1 Ng6 16. Qg4 Nxe5 17. Rxe5 Rc8 18. Re3 Bd5 19. Bc2 h6 20.
Rg3 Qf6 21. Qe2 Rc7 22. Qd3 Rfc8 23. Qh7+ Kf8 24. Ba4 a6 25. Qh8+ Ke7 26. Qxg7 Qxg7 27. Rxg7 Rxc3 28. Kf1 Rc1+ 29.
Rxc1 Rxc1+ 30. Ke2 Ra1 31. Rg3 Ra2+ 32. Ke1 b5 33. Bd1 a5 34. h4 Bc4 35. Rc3 Kd6 36. g4 Bd5 37. Bf3 b4 38.
Bxd5 Ra1+ 0-1

[Event "Kvibergspelen September 2019"]
[Site "Prioritet Serneke Arena, Krutvagen 2, Gothenburg, Sweden"]
[Date "2019.09.28"]
[Round "6.19"]
[White "Jonsson, Jacob"]
[Black "Svensson, Mikael"]
[Result "1/2-1/2"]
[TimeControl "15 minutes + 5 seconds per move from move one (Round 1 - 4) / 90 minutes + 30 seconds per move from move one (Round 5 - 8)"]
[WhiteFideId "1726315"]
[BlackFideId "1716433"]
[WhiteElo "2029"]
[BlackElo "2163"]

1. d4 e6 2. c4 f5 3. g3 Nf6 4.
Bg2 d5 5. Nf3 Bd6 6. O-O O-O 7. b3 b6 8. Nc3 c6 9. Ne5 Bb7 10. Bb2 Qe7 11. e3 Bxe5 12. dxe5 Ng4 13. Qd4 dxc4 14.
Qd6 Qxd6 15. exd6 Nd7 16. Ne2 cxb3 17. Nd4 Kf7 18. Nxc6 Rac8 19. Ne5+ Ngxe5 20. Bxb7 Rb8 21. Ba6 bxa2 22.
Rfc1 Rfd8 23. Rc7 Kg6 24. Kg2 Nf7 25. Bb5 Nc5 26. Rxa2 a6 27. Bxa6 Ra8 28. Bc4 Rxa2 29. Bxa2 Rxd6 30.
Ba3 1/2-1/2

[Event "Kvibergspelen September 2019"]
[Site "Prioritet Serneke Arena, Krutvagen 2, Gothenburg, Sweden"]
[Date "2019.09.28"]
[Round "6.20"]
[White "Ask, Josef"]
[Black "Wernberg, Hugo"]
[Result "1/2-1/2"]
[TimeControl "15 minutes + 5 seconds per move from move one (Round 1 - 4) / 90 minutes + 30 seconds per move from move one (Round 5 - 8)"]
[WhiteTitle "FM"]
[WhiteFideId "1704583"]
[BlackFideId "1737511"]
[WhiteElo "2160"]
[BlackElo "1999"]

1. e4 c5 2. d4 cxd4 3. c3 g6 4. cxd4 d5 5. exd5 Nf6 6. Nc3 Nxd5 7. Bc4 Nxc3 8. bxc3 Bg7 9. Qf3 O-O 10.
Ne2 Bd7 11. O-O Qc8 12. Bd3 e6 13. Bb2 Bc6 14. Qg3 Nd7 15. Rac1 Nf6 16. f3 Nh5 17. Qf2 Bh6 18. f4 Qd7 19.
c4 Bg7 20. Rfd1 b6 21. h3 Qb7 22. g4 Nf6 23. Ng3 Ne4 24. Nxe4 Bxe4 25. Be2 1/2-1/2

[Event "Kvibergspelen September 2019"]
[Site "Prioritet Serneke Arena, Krutvagen 2, Gothenburg, Sweden"]
[Date "2019.09.29"]
[Round "7.1"]
[White "Hillarp Persson, Tiger"]
[Black "Hector, Jonny"]
[Result "1-0"]
[TimeControl "15 minutes + 5 seconds per move from move one (Round 1 - 4) / 90 minutes + 30 seconds per move from move one (Round 5 - 8)"]
[WhiteTitle "GM"]
[BlackTitle "GM"]
[WhiteFideId "1700812"]
[BlackFideId "1700090"]
[WhiteElo "2558"]
[BlackElo "2477"]

1. Nf3 d5 2. g3 Bg4 3. Bg2 Nd7 4. c4 e6 5. cxd5 exd5 6. O-O Ngf6 7. Nc3 c6 8. d3 Bc5 9. Qb3 Bb6 10.
Na4 O-O 11. Nxb6 axb6 12. Qc2 h6 13. Nh4 Re8 14. e3 Nf8 15. h3 Bd7 16. b3 c5 17. Bb2 Rc8 18. Rfe1 N8h7 19. Rad1 Rc6 20.
e4 Rce6 21. Qd2 Bc6 22. e5 Nd7 23. d4 cxd4 24. Qxd4 Nhf6 25. f4 Ne4 26. Nf5 Qa8 27. a3 Rg6 28. Kh2 Ndc5 29. b4 Qc8 30.
Nd6 Nxd6 31. exd6 Nd7 32. f5 Rf6 33. Qf4 Rxe1 34. Rxe1 d4 35. Bf1 Nf8 36. g4 Ne6 37. Rxe6 fxe6 38.
Bxd4 Rf7 39. Qe5 Bd7 40. Bg2 Kh8 41. fxe6 Bxe6 42. Qe3 Qd7 43. Be5 b5 44. Qxh6+ Kg8 45. Qe3 Bc4 46. Qd4 Qe6 47.
Kg3 Ba2 48. Be4 Qb3+ 49. Kh4 g5+ 50. Kxg5 Qxh3 51. d7 Rxd7 52. Qxd7 Qe3+ 53. Kf6 Qh6+ 54. Kf5 1-0

[Event "Kvibergspelen September 2019"]
[Site "Prioritet Serneke Arena, Krutvagen 2, Gothenburg, Sweden"]
[Date "2019.09.29"]
[Round "7.3"]
[White "Andersson, Lars"]
[Black "Pantzar, Milton"]
[Result "1/2-1/2"]
[TimeControl "15 minutes + 5 seconds per move from move one (Round 1 - 4) / 90 minutes + 30 seconds per move from move one (Round 5 - 8)"]
[BlackTitle "FM"]
[WhiteFideId "1706772"]
[BlackFideId "1721003"]
[WhiteElo "2029"]
[BlackElo "2376"]

1. d4 d5 2. Bf4 Nf6 3. e3 e6 4. Nf3 c5 5. c3 Be7 6. Nbd2 O-O 7. Bd3 Nh5 8. Bg3 Nc6 9. Qe2 h6 10.
Ne5 Nxg3 11. hxg3 Nxe5 12. dxe5 b5 13. O-O-O b4 14. c4 f5 15. exf6 Bxf6 16. Bc2 Qc7 17. f4 Bb7 18. Qd3 Kf7 19.
Qg6+ Ke7 1/2-1/2

[Event "Kvibergspelen September 2019"]
[Site "Prioritet Serneke Arena, Krutvagen 2, Gothenburg, Sweden"]
[Date "2019.09.29"]
[Round "7.4"]
[White "Ziegler, Ari"]
[Black "Blomqvist, Erik"]
[Result "0-1"]
[TimeControl "15 minutes + 5 seconds per move from move one (Round 1 - 4) / 90 minutes + 30 seconds per move from move one (Round 5 - 8)"]
[WhiteTitle "IM"]
[BlackTitle "GM"]
[WhiteFideId "1700987"]
[BlackFideId "1709437"]
[WhiteElo "2299"]
[BlackElo "2519"]

1. d4 Nf6 2. c4 e6 3. Nf3 Bb4+ 4. Bd2 a5 5. Nc3 b6 6. e3 Bb7 7. Bd3 d6 8. Qc2 Nbd7 9. a3 Bxc3 10.
Bxc3 O-O 11. O-O-O Qe7 12. Ng5 h6 13. Nh7 Nxh7 14. Bxh7+ Kh8 15. Be4 Bxe4 16. Qxe4 d5 17. cxd5 Nf6 18.
Qh4 exd5 19. f3 Qxe3+ 20. Bd2 Qe6 21. g4 Nh7 22. Rhe1 Qg6 23. f4 Nf6 24. g5 Ne4 25. f5 Qxf5 26.
Rf1 Qe6 27. gxh6 g6 28. Rfe1 f6 29. Be3 b5 30. Kb1 b4 31. Rd3 Qf5 32. Red1 g5 33. Qe1 bxa3 34. bxa3 Rfb8+ 35. Ka1 a4 36.
Rb1 Kh7 37. h4 Rxb1+ 38. Qxb1 Kxh6 39. Rd1 Kg6 40. hxg5 fxg5 41. Qc2 Ra6 42. Rg1 Rf6 43. Qxa4 Qe6 44. Qc2 Qd6 45. Ka2 Rf3 46.
Rxg5+ Kf7 47. Qg2 Rxe3 48. Rg7+ Ke8 49. Rg8+ Kd7 50. Qg4+ Kc6 51. Rg6 Nf6 0-1

[Event "Kvibergspelen September 2019"]
[Site "Prioritet Serneke Arena, Krutvagen 2, Gothenburg, Sweden"]
[Date "2019.09.29"]
[Round "7.5"]
[White "Seo, Jung Min"]
[Black "Hansen, Lars"]
[Result "1-0"]
[TimeControl "15 minutes + 5 seconds per move from move one (Round 1 - 4) / 90 minutes + 30 seconds per move from move one (Round 5 - 8)"]
[WhiteTitle "FM"]
[WhiteFideId "1734687"]
[BlackFideId "1402528"]
[WhiteElo "2437"]
[BlackElo "2207"]

1. c4 b6 2. Nc3 Bb7 3. Nf3 e6 4.
d4 Bb4 5. Qc2 Nf6 6. a3 Bxc3+ 7. Qxc3 Ne4 8. Qc2 O-O 9. g3 f5 10. Bg2 d6 11. Ng5 Qf6 12. O-O Qg6 13. Nh3 Nd7 14.
Nf4 Qf6 15. d5 Ndc5 16. Rb1 e5 17. Nh3 Qg6 18. b4 Nd7 19. f3 Nef6 20. Ng5 Rac8 21. Bh3 Nh5 22. e4 f4 23. Bxd7 Qxg5 24.
Bxc8 Bxc8 25. Qg2 Ba6 26. b5 Bc8 27. gxf4 Qxg2+ 28. Kxg2 Nxf4+ 29. Bxf4 Rxf4 30. a4 g5 31. a5 g4 32.
Rbe1 bxa5 33. Re3 h5 34. fxg4 hxg4 35. Ra1 a6 36. Rxa5 axb5 37. c5 dxc5 38. Rxb5 c4 39. Rc5 1-0

[Event "Kvibergspelen September 2019"]
[Site "Prioritet Serneke Arena, Krutvagen 2, Gothenburg, Sweden"]
[Date "2019.09.29"]
[Round "7.6"]
[White "Carlsson, Ludvig"]
[Black "Le, Quang Long"]
[Result "1-0"]
[TimeControl "15 minutes + 5 seconds per move from move one (Round 1 - 4) / 90 minutes + 30 seconds per move from move one (Round 5 - 8)"]
[WhiteTitle "CM"]
[BlackTitle "IM"]
[WhiteFideId "1727010"]
[BlackFideId "12401749"]
[WhiteElo "2066"]
[BlackElo "2415"]

1. d4 f5 2. b3 Nf6 3. Bb2 g6 4. e3 Bg7 5. h4 O-O 6. Be2 e6 7. Nh3 Ne4 8. Nf4 Bf6 9. g3 b6 10.
Nd2 Nxd2 11. Qxd2 Bb7 12. Rh2 a5 13. O-O-O a4 14. Rg1 axb3 15. axb3 Qe7 16. g4 Bxh4 17. Bd3 Be4 18. gxf5 exf5 19.
Bc4+ Rf7 20. Nd5 Qd6 21. Nf4 Qe7 22. Qe2 b5 23. Nxg6 hxg6 24. Rxg6+ Kf8 25. Qh5 Bf6 26. Qh8+ 1-0

[Event "Kvibergspelen September 2019"]
[Site "Prioritet Serneke Arena, Krutvagen 2, Gothenburg, Sweden"]
[Date "2019.09.29"]
[Round "7.7"]
[White "Akesson, Ralf"]
[Black "Wengholm, Anders"]
[Result "1-0"]
[TimeControl "15 minutes + 5 seconds per move from move one (Round 1 - 4) / 90 minutes + 30 seconds per move from move one (Round 5 - 8)"]
[WhiteTitle "GM"]
[WhiteFideId "1700120"]
[BlackFideId "1704818"]
[WhiteElo "2367"]
[BlackElo "2218"]

1. d4 Nf6 2. c4 c5 3. d5 e6 4. Nc3 exd5 5. cxd5 d6 6. e4 g6 7. f4 Bg7 8. Bb5+ Nfd7 9. a4 Qh4+ 10.
g3 Qd8 11. Nf3 O-O 12. h3 Na6 13. O-O Nc7 14. Bd3 a6 15. Kh2 Rb8 16. a5 b5 17. axb6 Rxb6 18. Ra2 Nb5 19. Bd2 Rb8 20.
Qc2 Re8 21. Nd1 Nf6 22. Re1 Bd7 23. Nf2 Qb6 24. Bc4 Qb7 25. b3 Nc7 26. Bc3 Bb5 27. Ra3 Re7 28. Qc1 Rbe8 29. Qa1 Nxe4 30.
Nxe4 Rxe4 31. Rxe4 Rxe4 32. Bxg7 Nxd5 33. Bh6 f6 34. Qxf6 Re2+ 35. Kg1 1-0

[Event "Kvibergspelen September 2019"]
[Site "Prioritet Serneke Arena, Krutvagen 2, Gothenburg, Sweden"]
[Date "2019.09.29"]
[Round "7.8"]
[White "Jaksland, Tim"]
[Black "Schandorff, Lars"]
[Result "1/2-1/2"]
[TimeControl "15 minutes + 5 seconds per move from move one (Round 1 - 4) / 90 minutes + 30 seconds per move from move one (Round 5 - 8)"]
[WhiteTitle "FM"]
[BlackTitle "GM"]
[WhiteFideId "1401084"]
[BlackFideId "1400070"]
[WhiteElo "2214"]
[BlackElo "2496"]

1. Nf3 d5 2. c4 e6 3. g3 Nf6 4. Bg2 Be7 5. O-O O-O 6. d4 dxc4 7. Qc2 b6 8. Qxc4 Bb7 9. Nc3 c5 10.
Rd1 Nbd7 11. Ne5 Bxg2 12. Kxg2 Qc7 13. Nxd7 Qxd7 14. dxc5 Qc6+ 15. f3 Qxc5 16. Qxc5 Bxc5 17. Bg5 Be7 18.
Ne4 Rfd8 19. Nxf6+ Bxf6 20. Bxf6 gxf6 21. Rac1 Rxd1 22. Rxd1 Rc8 23. Rd2 Kf8 24. Kf2 Ke7 25. e4 Rc5 26.
Ke3 f5 27. exf5 Re5+ 28. Kf4 Rxf5+ 29. Ke4 Rc5 30. f4 h5 31. Kf3 Rc1 32. Re2 Kf6 33. Rd2 Ra1 34. a3 Rb1 35. Rc2 a5 36.
Re2 Kg6 37. Rc2 Kf5 38. h3 Rf1+ 39. Kg2 Rd1 40. Re2 f6 41. Kf3 Rf1+ 42. Kg2 Rb1 43. Kf3 Rf1+ 44. Kg2 Rb1 45. Kf3 Rf1+ 1/2-1/2